 Dungeon Crawl Stone Soup version 0.21-a0-518-g43a1781 (webtiles) character file.

108 Gerstahl the Twirler (level 4, 0/37 HPs)
             Began as a Demonspawn Gladiator on Dec 5, 2017.
             Slain by a rat (1 damage)
             ... on level 3 of the Dungeon.
             The game lasted 00:02:47 (2451 turns).

Gerstahl the Twirler (Demonspawn Gladiator)         Turns: 2451, Time: 00:02:48

Health: 0/37       AC:  6    Str: 14    XL:     4   Next: 58%
Magic:  4/4        EV: 12    Int:  9    God:
Gold:   61         SH:  0    Dex: 16    Spells: 3/3 levels left

rFire    . . .     SeeInvis .   a - +0 quarterstaff
rCold    . . .     Gourm    .   (shield currently unavailable)
rNeg     . . .     Faith    .   m - +0 ring mail (curse)
rPois    .         Spirit   .   c - +0 helmet
rElec    .         Reflect  .   (no cloak)
rCorr    .         Harm     .   (no gloves)
MR       .....                  (no boots)
Stlth    ++........             (no amulet)
HPRegen  0.12/turn              (no ring)
MPRegen  0.09/turn              (no ring)

@: no status effects
A: claws 1, nightstalker 1
a: no special abilities


You were on level 3 of the Dungeon.
You were not hungry.

You visited 1 branch of the dungeon, and saw 3 of its levels.

You collected 61 gold pieces.

Inventory:

Hand Weapons
 a - a +0 quarterstaff (weapon)
Missiles
 d - 3 throwing nets (quivered)
Armour
 b - a +0 leather armour
 c - a +0 helmet (worn)
 m - a cursed +0 ring mail (worn)
Jewellery
 l - a +2 ring of strength {unknown}
 v - an uncursed ring of magical power {unknown}
Scrolls
 g - 4 scrolls of remove curse {unknown}
 i - 2 scrolls of teleportation {unknown}
 n - a scroll of fear {unknown}
 p - a scroll of blinking {unknown}
 u - a scroll of identify {unknown}
Potions
 e - 3 potions of curing {unknown}
 k - 2 potions of heal wounds {unknown}
 q - a potion of flight {unknown}
 r - a potion of brilliance {unknown}
 s - a potion of magic {unknown}
Comestibles
 f - 4 bread rations
 h - a royal jelly
 j - 2 meat rations
 o - 2 fruits
 t - 4 chunks of flesh


   Skills:
 + Level 3.6 Fighting
 + Level 4.0 Staves
 - Level 1.7 Throwing
 - Level 2.6 Dodging


You had 3 spell levels left.
You didn't know any spells.

Dungeon Overview and Level Annotations

Branches:
Dungeon (3/15)

Altars:


Innate Abilities, Weirdness & Mutations

You have sharp fingernails.
You are slightly more attuned to the shadows.


Message History

You barely miss the rat. The rat barely misses you.
The orc hits you from afar with a trident!
A hobgoblin comes into view. It is wielding a club.
You barely miss the rat.
The adder hisses angrily.
The rat bites you. The orc closely misses you. The rat closely misses you.
You closely miss the rat.
The orc priest invokes the aid of Beogh against you.
Beogh smites you!
* * * LOW HITPOINT WARNING * * *
The orc barely misses you. The rat closely misses you.
The hobgoblin shouts!
You hear an angry hiss.
You closely miss the rat.
The orc hits you from afar with a trident.
* * * LOW HITPOINT WARNING * * *
The rat closely misses you.
A ball python comes into view.
Your ring mail prevents you from hitting the rat.
The ball python moves out of view.
The rat bites you.
You die...

..# .### #.# .
#########.# ..
#.........# #.S
##.........# ....
#(.........#
....g#####.####...)######
.(.gooor@..# #......)†..
.?.[S####### #....######
.... #....# ### ######


You could see an orc priest, an adder, 2 orcs, a hobgoblin, a goblin and a rat.

Vanquished Creatures
  5 adders
  2 worms (D:2)
  2 leopard geckos
  An orc (D:3)
  2 ball pythons
  4 giant cockroaches
  8 goblins
  3 hobgoblins
  3 quokkas
  9 bats
  6 frilled lizards
  8 kobolds
  2 rats
55 creatures vanquished.

Notes
Turn   | Place    | Note
-------+----------+-------------------------------------------
     0 | D:1      | Gerstahl the Demonspawn Gladiator began the quest for the Orb.
     0 | D:1      | Reached XP level 1. HP: 16/16 MP: 1/1
   267 | D:1      | Reached skill level 3 in Staves
   275 | D:1      | Gained mutation: You have sharp fingernails. [demonic ancestry]
   275 | D:1      | Reached XP level 2. HP: 23/23 MP: 2/2
   908 | D:2      | Reached XP level 3. HP: 28/28 MP: 3/3
  1431 | D:2      | Gained mutation: You are slightly more attuned to the shadows. [demonic ancestry]
  1431 | D:2      | Reached XP level 4. HP: 35/35 MP: 4/4
  1450 | D:2      | Found a faded altar of an unknown god.
  2291 | D:3      | Reached skill level 4 in Staves
  2450 | D:3      | HP: 1/37 [orc/trident (2)]
  2451 | D:3      | Slain by a rat

Vault maps used:
D:1:      minmay_arrival_four_houses
D:2:      chequers_ecumenical_altar_simple
D:3:      first_bread

Skill      XL: |  1  2  3  4 |
---------------+-------------+-----
Staves         | 3 4 |  4.0
Fighting       | 3 |  3.6
Throwing       | |  1.7
Dodging        | |  2.6

Action                   |  1- 3 |  4- 6 || total
-------------------------+-------+-------++-------
Melee: Quarterstaff      |   121 |    77 ||   198
 Stab: Sleeping          |       |     3 ||     3
  Eat: Chunk             |     2 |     3 ||     5
Armor: Leather armour    |    25 |       ||    25
       Ring mail         |    18 |    29 ||    47
Dodge: Dodged            |    93 |    50 ||   143

Table legend:
 A = Spawn XP
 B = Non-spawn XP
 C = Spawn XP percentage of total XP
 D = Spawn monster count
 E = Non-spawn monster count
 F = Spawn count percentage of total count
 G = Total turns spent on level
                    A         B        C        D         E        F      G
               +---------+---------+-------+---------+---------+-------+---------
         Total |       0 |     155 |   0.0 |       0 |      55 |   0.0 |  2451
               +---------+---------+-------+---------+---------+-------+---------
           D:1 |       0 |      39 |   0.0 |       0 |      24 |   0.0 |   894
           D:2 |       0 |      82 |   0.0 |       0 |      25 |   0.0 |  1322
           D:3 |       0 |      34 |   0.0 |       0 |       6 |   0.0 |   235
               +---------+---------+-------+---------+---------+-------+---------
